 Dungeon Crawl Stone Soup version 0.20-a0-1050-g57248f3 (webtiles) character file.

20106 kuniqs the Nimble (level 12, -1/97 HPs)
             Began as a Gnoll Gladiator on Apr 25, 2017.
             Was a High Priest of Okawaru.
             Slain by an orc warrior
             ... wielding a +0 glaive
              (22 damage)
             ... on level 12 of the Dungeon on Apr 26, 2017.
             The game lasted 00:27:19 (14430 turns).

kuniqs the Nimble (Gnoll Gladiator)                Turns: 14430, Time: 00:27:20

Health: -1/97      AC: 17    Str: 14    XL:     12   Next: 76%
Magic:  17/17      EV: 15    Int:  8    God:    Okawaru [*****.]
Gold:   514        SH:  0    Dex: 20    Spells: 11/11 levels left

rFire    . . .     SeeInvis .   O - +6 dire flail (freeze)
rCold    . . .     Gourm    .   (shield currently unavailable)
rNeg     + . .     Faith    .   G - +2 scale mail of the Other World {rPois rN+ Str-2 Dex+2}
rPois    +         Spirit   .   V - +2 hat
rElec    +         Reflect  .   K - +0 cloak
rCorr    .         Harm     .   a - +2 pair of gloves {archery}
MR       +....                  (no boots)
Stlth    ++........             b - amulet of regeneration
Regen    0.7/turn               P - ring of protection from magic
MPRegen  0.2/turn               l - +1 ring of protection

@: heavily drained
A: short attention span, fangs 1, electricity resistance, wild magic 1, strong
nose
a: Heroism, Finesse, Renounce Religion


You were on level 12 of the Dungeon.
You worshipped Okawaru.
Okawaru was extremely pleased with you.
You were hungry.

You visited 2 branches of the dungeon, and saw 14 of its levels.

You collected 645 gold pieces.
You spent 131 gold pieces at shops.

Inventory:

Hand Weapons
 O - a +6 dire flail of freezing (weapon)
Missiles
 Q - 9 throwing nets
 W - 2 poisoned tomahawks (quivered)
Armour
 a - a +2 pair of gloves of archery (worn)
 q - a scarf of cold resistance
 G - the +2 scale mail of the Other World (worn) {rPois rN+ Str-2 Dex+2}
   (You found it on level 4 of the Dungeon)

   It affects your strength (-2).
   It affects your dexterity (+2).
   It protects you from poison.
   It protects you from negative energy.
 K - a +0 cloak (worn)
 V - a +2 hat (worn)
Magical Staves
 L - an uncursed staff of conjuration {unknown}
Jewellery
 b - an amulet of regeneration (around neck)
 l - a +1 ring of protection (right hand)
 r - an uncursed ring of fire
 u - an uncursed ring of protection from cold
 x - an uncursed ring of positive energy
 I - an uncursed ring of poison resistance
 P - a ring of protection from magic (left hand)
Wands
 p - a wand of iceblast (5/15)
 y - a wand of confusion (46/48)
 A - a wand of confusion (25/48)
 M - a wand of polymorph (9/24)
 X - a wand of disintegration (9/24)
 Z - a wand of paralysis (8/24)
Scrolls
 g - a scroll of enchant armour
 h - 7 scrolls of teleportation
 s - a scroll of holy word
 t - 4 scrolls of remove curse {@r2}
 v - 2 scrolls of magic mapping
 z - 3 scrolls of fog
 B - 2 scrolls of immolation
 H - a scroll of blinking
 N - a scroll of recharging
 R - a scroll of vulnerability
Potions
 c - a potion of magic
 i - a potion of degeneration {unknown}
 j - a potion of resistance
 m - a potion of haste
 n - a potion of heal wounds
 o - a potion of lignification
 C - 2 potions of mutation
 D - 4 potions of flight
 E - 4 potions of curing {@q1}
 F - a potion of cancellation
 J - 3 potions of might
 S - a potion of berserk rage
 T - 2 potions of ambrosia
Comestibles
 d - 3 bread rations
 e - 5 meat rations
 f - 5 fruits


   Skills:
 + Level 9.6(7.7) Fighting
 + Level 7.6(7.0) Maces & Flails
 - Level 8.9(7.4) Staves
 + Level 9.9(8.0) Throwing
 + Level 9.6(7.7) Armour
 + Level 10.0(8.0) Dodging
 - Level 7.3(5.5) Stealth
 + Level 7.8(5.9) Invocations
 - Level 7.6(5.7) Evocations


You had 11 spell levels left.
You didn't know any spells.

Dungeon Overview and Level Annotations

Branches:
Dungeon (13/15)            Temple (1/1) D:7            Lair (0/6) D:10
    Orc: D:9-12      Vaults: D:13-14

Altars:
Ashenzari
Cheibriados
Dithmenos
Elyvilon
Fedhas
Gozag
Hepliaklqana
Kikubaaqudgha
Makhleb
Nemelex Xobeh
Okawaru
Qazlal
Ru
Sif Muna
Trog
Uskayaw
Vehumet
Wu Jian
Xom
Yredelemnul
Zin
The Shining One

Shops:
D:9 *([   D:13 *


Innate Abilities, Weirdness & Mutations

You have a short attention span.
You have very sharp teeth.
Your uncanny sense of smell can sniff out nearby items.
You are resistant to electric shocks. (rElec)
Your spells are a little harder to cast, but a little more powerful.


Message History

The orc warrior hits you but does no damage.
You hit Nergalle but do no damage. You bite Nergalle, but do no damage.
Nergalle barely misses you.
The orc warrior hits you but does no damage.
The orc closely misses you.
You hit Nergalle but do no damage. Your bite misses Nergalle.
The orc warrior hits you with a glaive!
* * * LOW HITPOINT WARNING * * *
Nergalle gestures at you while chanting.
Orcish apparitions take form around you.
The orc completely misses you.
You sock Nergalle! You freeze Nergalle.
You kill Nergalle!
Okawaru accepts your kill.
The spectral orc knight disappears in a puff of smoke!
The spectral orc warrior disappears in a puff of smoke! x2
Your base Dodging skill increases to level 10!
You become less interested in Dodging.
The orc warrior hits you with a glaive!!
You die...

#.# #.# #.#
#.# #.# #.#
#§## #.§#
##@#######
#)oo.....#
#§)......#
#........#
#........#
..........
##........#
####.#####
..


You could see an orc warrior and an orc.

Vanquished Creatures
  4 two-headed ogres
  Nergalle (D:12)
  The ghost of Shinoi the Destroyer, a novice DECj of Vehumet (D:8)
  Pikel (D:3)
  A deep elf mage (D:13)
  A cyclops (D:11)
  2 manticores
  An ugly thing (D:11)
  3 slime creatures (D:12)
  A centaur zombie (D:9)
  Joseph (D:10)
  A guardian serpent (D:13)
  A gargoyle (D:13)
  The ghost of Paps the Cudgeler, a novice DsFi (D:6)
  An efreet (D:13)
  A merfolk (D:10)
  3 hippogriffs
  Sigmund (D:5)
  18 yaks
  2 hungry ghosts (D:7)
  2 soldier ants
  2 water moccasins
  4 orc warriors
  5 sky beasts
  4 necrophages
  3 eyes of draining
  A slave (D:4)
  8 ogres
  5 centaurs
  3 phantoms
  A crocodile (D:8)
  A big kobold (D:9)
  10 bullfrogs
  A wyvern zombie (D:10)
  4 scorpions
  15 killer bees
  16 wights
  A howler monkey (D:5)
  10 crimson imps
  3 bullfrog zombies
  10 hounds
  A quasit (D:10)
  A jelly (D:12)
  4 orc priests
  A bullfrog skeleton (D:8)
  3 centaur skeletons
  4 iguanas
  Ijyb (D:3)
  Natasha (thrice) (D:4)
  Terence (D:3)
  14 orc wizards
  10 worker ants
  2 hound zombies
  A howler monkey zombie (D:11)
  A worker ant zombie (D:7)
  3 gnolls (D:5)
  14 adders
  3 shadow imps
  2 oozes
  3 adder skeletons
  5 worms
  11 leopard geckos
  41 orcs
  9 bats
  5 giant cockroaches
  7 goblins
  10 hobgoblins
  12 jackals
  13 kobolds
  4 quokkas
  A ball python (D:4)
  9 frilled lizards
  A leopard gecko zombie (D:6)
  3 quokka skeletons
  8 rats
  A plant (D:10)
367 creatures vanquished.

Vanquished Creatures (others)
  The ghost of Gorglomux the Cleaver, an amateur HOMo of Elyvilon (D:4)
  A spriggan (D:10)
  An orc wizard (D:4)
  2 orcs (D:4)
5 creatures vanquished.

Grand Total: 372 creatures vanquished

Notes
Turn   | Place    | Note
-------+----------+-------------------------------------------
     0 | D:1      | kuniqs the Gnoll Gladiator began the quest for the Orb.
     0 | D:1      | Reached XP level 1. HP: 18/18 MP: 1/1
    36 | D:1      | Reached skill level 1 in Armour
    57 | D:1      | Reached XP level 2. HP: 23/24 MP: 2/2
   185 | D:1      | Reached XP level 3. HP: 26/29 MP: 3/3
  1055 | D:2      | Found an opulent altar of Gozag.
  1105 | D:2      | Reached XP level 4. HP: 37/37 MP: 4/4
  1540 | D:3      | Reached skill level 5 in Staves
  1566 | D:3      | Reached skill level 5 in Dodging
  2038 | D:3      | Noticed Ijyb
  2050 | D:3      | Killed Ijyb
  2050 | D:3      | Reached XP level 5. HP: 42/42 MP: 5/5
  2145 | D:3      | Noticed Terence
  2154 | D:3      | Killed Terence
  2154 | D:3      | Reached skill level 1 in Evocations
  2628 | D:3      | Reached XP level 6. HP: 49/49 MP: 7/7
  2765 | D:4      | Reached skill level 5 in Throwing
  2842 | D:4      | Reached skill level 5 in Fighting
  2847 | D:4      | Noticed a slave
  2848 | D:4      | Noticed Pikel
  2877 | D:4      | Reached skill level 1 in Stealth
  2877 | D:4      | Reached XP level 7. HP: 51/56 MP: 7/9
  2964 | D:4      | Noticed Gorglomux's ghost (amateur HOMo)
  3150 | D:3      | Killed Pikel
  3150 | D:3      | Reached skill level 5 in Armour
  3150 | D:3      | Reached skill level 6 in Dodging
  3150 | D:3      | Reached XP level 8. HP: 47/64 MP: 9/11
  3228 | D:4      | Killed Gorglomux's ghost
  3278 | D:4      | Noticed Natasha
  3297 | D:4      | Killed Natasha
  3620 | D:4      | Noticed Natasha
  3627 | D:4      | Killed Natasha
  3638 | D:4      | Noticed Natasha
  3650 | D:4      | Killed Natasha
  3777 | D:4      | Got an ancient scale mail
  3788 | D:4      | Identified the +2 scale mail of the Other World {rPois rN+ Str-2 Dex+2} (You found it on level 4 of the Dungeon)
  3886 | D:5      | Entered Level 5 of the Dungeon
  3938 | D:5      | Reached skill level 5 in Evocations
  4066 | D:5      | Reached skill level 7 in Dodging
  4295 | D:5      | Reached XP level 9. HP: 71/71 MP: 12/12
  4660 | D:5      | Noticed Sigmund
  4669 | D:5      | Killed Sigmund
  4669 | D:5      | Reached skill level 5 in Stealth
  4822 | D:6      | Noticed Paps's ghost (novice DsFi)
  5050 | D:6      | Killed Paps's ghost
  5419 | D:6      | Found a sand-covered staircase.
  6240 | D:6      | Reached skill level 8 in Dodging
  6714 | D:7      | Noticed a two-headed ogre
  6766 | D:7      | Reached XP level 10. HP: 79/79 MP: 15/15
  7251 | D:7      | Killed a two-headed ogre
  7958 | D:7      | Found a staircase to the Ecumenical Temple.
  7970 | Temple   | Entered the Ecumenical Temple
  7977 | Temple   | Became a worshipper of Warmaster Okawaru
  8227 | D:8      | Reached skill level 1 in Invocations
  8231 | D:8      | Gained mutation: Your spells are a little harder to cast, but a little more powerful. [mutagenic meat]
  8232 | D:8      | Gained mutation: You are resistant to electric shocks. (rElec) [mutagenic meat]
  8384 | D:8      | Noticed a two-headed ogre
  8393 | D:8      | Killed a two-headed ogre
  8393 | D:8      | Reached * piety under Okawaru
  8393 | D:8      | Reached XP level 11. HP: 39/85 MP: 16/16
  8610 | D:8      | Found a glowing golden altar of the Shining One.
  8611 | D:8      | Found a burning altar of Makhleb.
  8611 | D:8      | Found a bloodstained altar of Trog.
  8659 | D:8      | Noticed Shinoi's ghost (novice DECj)
  8940 | D:8      | Killed Shinoi's ghost
  8940 | D:8      | Reached skill level 9 in Dodging
  9877 | D:8      | Reached ** piety under Okawaru
 10328 | D:9      | Found Juruaxyo's Assorted Antiques.
 10334 | D:9      | Bought a thick zirconium amulet for 95 gold pieces
 10334 | D:9      | Bought a scroll labeled NESUIN LAYBB for 19 gold pieces
 10334 | D:9      | Bought a metallic amethyst potion for 17 gold pieces
 10400 | D:9      | Reached *** piety under Okawaru
 10676 | D:9      | Found Sisiyl's Antique Weapon Emporium.
 10686 | D:9      | Reached skill level 5 in Invocations
 10742 | D:9      | Found Peggyble's Armour Shop.
 11307 | D:10     | Entered Level 10 of the Dungeon
 11496 | D:10     | Reached skill level 5 in Maces & Flails
 11541 | D:10     | Noticed Joseph
 11556 | D:10     | Killed Joseph
 11736 | D:10     | Reached **** piety under Okawaru
 11883 | D:10     | Received a gift from Okawaru
 12132 | D:10     | You fall through a shaft for 3 floors!
 12132 | D:13     | Noticed a manticore
 12138 | D:13     | Killed a manticore
 12138 | D:13     | Reached XP level 12. HP: 88/92 MP: 13/17
 12154 | D:13     | Noticed a two-headed ogre
 12167 | D:13     | Killed a two-headed ogre
 12504 | D:13     | Found Tafriqal's Elemental Accessories.
 12743 | D:12     | Noticed a two-headed ogre
 12754 | D:12     | Killed a two-headed ogre
 13375 | D:10     | Found a staircase to the Lair.
 13472 | D:10     | Reached ***** piety under Okawaru
 14237 | D:11     | Received a gift from Okawaru
 14373 | D:12     | Got a twisted falchion
 14374 | D:12     | Identified the +3 falchion of the Spider Nest {freeze, *Drain +Fly rN++ Stlth+} (You found it on level 12 of the Dungeon)
 14404 | D:12     | Noticed Nergalle
 14430 | D:12     | Killed Nergalle
 14430 | D:12     | Reached skill level 10 in Dodging
 14430 | D:12     | Slain by an orc warrior

Vault maps used:
D:1:      mainiacjoe_arrival_reflecting_pool, st_stairs_9
D:2:      lemuel_coloured_pillars_altar
D:3:      serial_bayou_lagoon_b, uniq_terence, uniq_ijyb
D:4:      first_bread, uniq_pikel, uniq_natasha
D:5:      uniq_sigmund
D:6:      nicolae_ossuary_entry_false_entrances
D:7:      minmay_temple_entry_nine_rooms, grunt_tough_drop
D:8:      gammafunk_temple_overflow_forgotten, minmay_lizard_king
D:9:      serial_shops, nicolae_shop_behind_doors,
          nicolae_shop_overgrown_old_shop, shop
D:10:     dpeg_oklobed_lair, hangedman_stone_soup, minmay_sticks_and_stones
D:12:     david_orc_2, basic_altar, uniq_nergalle, uniq_fannar
D:13:     nrook_guardian_serpent_snake_passage, nicolae_elemental_shop
Temple:   nicolae_temple_no_exploring_needed

Skill      XL: |  1  2  3  4  5  6  7  8  9 10 11 12 |
---------------+-------------------------------------+-----
Armour         | 1 2 3 4 5 6 7 8 9 |  9.6
Staves         | 5 6 7 8 |  8.9
Dodging        | 5 6 7 8 9 10 | 10.0
Throwing       | 4 5 6 7 8 9 |  9.9
Fighting       | 4 5 6 7 8 9 |  9.6
Evocations     | 1 2 4 5 6 7 |  7.6
Stealth        | 1 3 4 6 7 |  7.3
Invocations    | 2 6 7 |  7.8
Maces & Flails | 2 6 7 |  7.6

Action                   |  1- 3 |  4- 6 |  7- 9 | 10-12 || total
-------------------------+-------+-------+-------+-------++-------
Melee: Quarterstaff      |    99 |    33 |   339 |   225 ||   696
       Bite              |    12 |    18 |    56 |   143 ||   229
       Dagger            |       |   140 |   138 |    22 ||   300
       Dire flail        |       |       |       |   719 ||   719
Invok: Heroism           |       |       |       |     2 ||     2
  Use: Scroll            |       |       |     3 |    21 ||    24
       Potion            |       |       |       |     5 ||     5
 Stab: Sleeping          |     1 |       |     5 |    14 ||    20
       Distracted        |       |       |     3 |     2 ||     5
  Eat: Chunk             |     1 |     5 |    12 |    25 ||    43
       Bread ration      |       |       |       |     2 ||     2
       Meat ration       |       |       |       |     1 ||     1
Armor: Leather armour    |    25 |       |       |       ||    25
       Ring mail         |    25 |    64 |    48 |       ||   137
       Scale mail        |       |       |    88 |   317 ||   405
Dodge: Dodged            |    65 |   134 |   303 |   599 ||  1101
